 Dungeon Crawl Stone Soup version 0.18-a0-943-g2c08dd4 (webtiles) character file.

154 Yawgmoth the Skirmisher (level 5, 0/42 HPs)
             Began as a Demonspawn Abyssal Knight on Dec 28, 2015.
             Was a Believer of Lugonu.
             Slain by oliversarmada's ghost (10 damage)
             ... on level 3 of the Dungeon.
             The game lasted 00:08:37 (2080 turns).

Yawgmoth the Skirmisher (Demonspawn Abyssal Knight) Turns: 2080, Time: 00:08:37

Health: 0/42       AC:  8    Str: 13    XL:     5   Next: 13%
Magic:  6/6        EV: 12    Int: 13    God:    Lugonu [**....]
Gold:   88         SH:  0    Dex: 16    Spells: 0 memorised, 4 levels left

rFire  . . .     SeeInvis .     d - +3 war axe "Ytrav" {venom, rC+ rN+ MR+ Dex+4}
rCold  + . .     Gourm    .     b - +0 leather armour
rNeg   + . .     Faith    .     (no shield)
rPois  .         Spirit   .     (helmet restricted)
rElec  .         Dismiss  .     (no cloak)
rCorr  .         Reflect  .     (no gloves)
SustAt .         Harm     .     r - +0 pair of boots
MR     +....                    j - amulet of regeneration
Stlth  +.........               (no ring)
                                (no ring)

@: somewhat resistant to hostile enchantments, very unstealthy
A: antennae 1, rough black scales 1
a: Depart the Abyss, Bend Space, Renounce Religion


You were on level 3 of the Dungeon.
You worshipped Lugonu.
Lugonu was pleased with you.
You were not hungry.

You visited 1 branch of the dungeon, and saw 3 of its levels.
You visited the Abyss 1 time.

You collected 88 gold pieces.

Inventory:

Hand Weapons
 a - a +1 spear
 d - the +3 war axe "Ytrav" (weapon) {venom, rC+ rN+ MR+ Dex+4}
   (You found it on level 2 of the Abyss)

   It poisons the flesh of those it strikes.
   It affects your dexterity (+4).
   It protects you from cold.
   It protects you from negative energy.
   It affects your resistance to hostile enchantments.
 g - a +0 hand crossbow
Armour
 b - a +0 leather armour (worn)
 r - a +0 pair of boots (worn)
Jewellery
 j - an amulet of regeneration (around neck)
Scrolls
 e - a scroll of torment {unknown}
 f - 4 scrolls of identify {unknown}
 l - a scroll of fear {unknown}
 n - a scroll of magic mapping {unknown}
 o - a scroll of amnesia {unknown}
 q - a scroll of remove curse {unknown}
 t - a scroll of immolation {unknown}
Potions
 h - a potion of curing {unknown}
 i - a potion of flight {unknown}
 k - a potion of cure mutation
 m - 3 potions of lignification
Comestibles
 c - 2 bread rations
 p - 3 chunks of flesh
 s - a slice of pizza
 u - a meat ration


   Skills:
 + Level 3.7 Fighting
 + Level 1.8(2.2) Axes
 - Level 1.7(2.2) Polearms
 + Level 2.8 Armour
 + Level 2.6 Dodging
 - Level 2.4 Invocations


You had 4 spell levels left.
You didn't know any spells.

Dungeon Overview and Level Annotations

Branches:
Dungeon (3/15)

Altars:
Ashenzari
Makhleb
Xom
The Shining One

Annotations:
D:3 oliversarmada's ghost, amateur MfGl


Innate Abilities, Weirdness & Mutations

You have a pair of small antennae on your head.
You are partially covered in rough black scales (AC +4, Dex -1).


Message History

Oliversarmada's ghost hits you.
* * * LOW HITPOINT WARNING * * *
Oliversarmada's ghost closely misses you.
You closely miss oliversarmada's ghost.
Oliversarmada's ghost is severely damaged.
Oliversarmada's ghost hits you but does no damage.
You slash oliversarmada's ghost!
Oliversarmada's ghost is almost destroyed.
Oliversarmada's ghost barely misses you.
Oliversarmada's ghost closely misses you.
You miss oliversarmada's ghost.
Oliversarmada's ghost is almost destroyed.
Oliversarmada's ghost misses you.
You miss oliversarmada's ghost.
Oliversarmada's ghost is almost destroyed.
Oliversarmada's ghost barely misses you.
You miss oliversarmada's ghost.
Oliversarmada's ghost is almost destroyed.
Oliversarmada's ghost hits you!
You die...

#...........#
##..........## .... .#..#
##..........## ... .#..##
##..........# #.##.....##
#......)...### #.#........
#......÷.<...# #........$.
#..........#.# #...#......
#............####†#........
##........#@W..†...†.......
#..........#.####.#.)......
#..........#.###..#.#......
#..........#.##..#####...#.
#..........#.##.## ####
#.............#.#
##........#.....#
##......##...###
#########...#


You could see oliversarmada's ghost.

Vanquished Creatures
  Ijyb (D:2)
  Terence (D:2)
  3 adders (D:2)
  A worm (D:2)
  11 bats
  8 goblins
  7 hobgoblins
  7 jackals
  4 kobolds
  A quokka (D:2)
  4 giant cockroaches
  5 giant geckos
  3 giant newts
  12 rats
68 creatures vanquished.

Notes
Turn   | Place    | Note
--------------------------------------------------------------
     0 | Abyss:1  | Yawgmoth the Demonspawn Abyssal Knight began the quest for the Orb.
     0 | Abyss:1  | Reached XP level 1. HP: 18/18 MP: 2/2
    28 | Abyss:2  | Got a polished war axe
    29 | Abyss:2  | Identified the +3 war axe "Ytrav" {venom, rC+ rN+ MR+ Dex+4} (You found it on level 2 of the Abyss)
    69 | D:1      | Escaped the Abyss
   230 | D:1      | Reached skill level 1 in Dodging
   323 | D:1      | Reached * piety under Lugonu
   323 | D:1      | Gained mutation: You have a pair of small antennae on your head. [demonic ancestry]
   323 | D:1      | Reached XP level 2. HP: 13/24 MP: 3/3
  1102 | D:2      | Reached XP level 3. HP: 29/29 MP: 4/4
  1110 | D:2      | Found a shattered altar of Ashenzari.
  1180 | D:2      | Reached ** piety under Lugonu
  1206 | D:2      | Reached skill level 1 in Axes
  1325 | D:2      | Noticed Ijyb
  1336 | D:2      | Killed Ijyb
  1336 | D:2      | Gained mutation: You are partially covered in rough black scales (AC +4, Dex -1). [demonic ancestry]
  1336 | D:2      | Reached XP level 4. HP: 27/35 MP: 5/5
  1575 | D:2      | Found a burning altar of Makhleb.
  1575 | D:2      | Found a glowing golden altar of the Shining One.
  1694 | D:2      | Found a shimmering altar of Xom.
  1710 | D:2      | Noticed Terence
  1717 | D:2      | Killed Terence
  1783 | D:2      | Reached XP level 5. HP: 42/42 MP: 6/6
  1973 | D:3      | Noticed oliversarmada's ghost (amateur MfGl)
  2080 | D:3      | Slain by oliversarmada's ghost

Vault maps used:
D:1:      saegor_arrival_under_anarchy, minmay_misc_feat_doors
D:2:      lemuel_crystal_altar, amethyst_overflow_temple_binary,
          nicolae_overflow_hidden_temple, minmay_distorted, uniq_terence,
          uniq_iyjb
D:3:      uniq_natasha

Action                   |  1- 3 |  4- 6 || total
-------------------------+-------+-------++-------
Melee: War axe           |    83 |    76 ||   159
Invok: Depart the Abyss  |     1 |       ||     1
       Bend Space        |       |     1 ||     1
  Use: Potion            |       |     3 ||     3
 Stab: Sleeping          |       |     1 ||     1
  Eat: Chunk             |     2 |     2 ||     4
